 Dungeon Crawl Stone Soup version 0.16.2-12-gd0ad4c3 (webtiles) character file.

345 magipi the Chopper (level 6, -1/48 HPs)
             Began as a Ghoul Gladiator on Mar 10, 2016.
             Slain by a giant frog (6 damage)
             ... in a sewer.
             The game lasted 00:17:33 (2777 turns).

magipi the Chopper (Ghoul Gladiator)                Turns: 2777, Time: 00:17:34

Health: -1/48      AC:  6    Str: 19    XL:     6   Next: 58%
Magic:  5/5        EV: 11    Int:  4    God:
Gold:   181        SH:  0    Dex: 10    Spells: 0 memorised, 5 levels left

rFire  . . .     SeeInvis .     a - +0 war axe
rCold  + . .     Clarity  .     g - +0 ring mail
rNeg   + + +     SustAb   .     (no shield)
rPois  ∞         Gourm    .     c - +0 helmet
rElec  .         Spirit   .     (no cloak)
rCorr  .         Warding  .     (no gloves)
rMut   .         Stasis   .     (no boots)
MR     .....                    (no amulet)
Stlth  ..........               (no ring)
                                (no ring)

@: rotting, not resistant to hostile enchantments, extremely unstealthy
A: rotting body, claws 1, carnivore 3, cold resistance 1, negative energy
resistance 3, poison resistance, slow healing 1, torment resistance, unbreathing
a: no special abilities


You were in a sewer.
You were not hungry.

You visited 1 branch of the dungeon, and saw 4 of its levels.
You also visited: Sewer.

You collected 181 gold pieces.

Inventory:

Hand weapons
 a - a +0 war axe (weapon)
 b - a +0 blowgun
Missiles
 d - 3 throwing nets (quivered)
 p - 21 poisoned needles
 t - 5 tomahawks
Armour
 c - a +0 helmet (worn)
 g - a +0 ring mail (worn)
 o - a +0 leather armour
Jewellery
 i - an uncursed ring of fire {unknown}
Scrolls
 j - a scroll of noise {unknown}
 n - a scroll of magic mapping
 q - 4 scrolls of teleportation
 s - a scroll of fear {unknown}
 x - a scroll of fog {unknown}
 y - a scroll of recharging {unknown}
Potions
 e - 3 potions of haste {unknown}
 f - a potion of magic
 h - a potion of lignification
 k - a potion of agility
 l - 2 potions of restore abilities {unknown}
 m - 2 potions of heal wounds {unknown}
 u - a potion of curing
 v - 2 potions of might
 w - a potion of brilliance {unknown}


   Skills:
 - Level 2.1 Fighting
 + Level 6.5 Axes
 - Level 1.7 Throwing
 - Level 2.6 Dodging


You had 5 spell levels left.
You didn't know any spells.

Dungeon Overview and Level Annotations

Branches:
Dungeon (4/15)
 Temple: D:4-7

Altars:
Dithmenos
Sif Muna
Vehumet
Xom


Innate Abilities, Weirdness & Mutations

Your body is rotting away.
You thrive on raw meat.
You have sharp fingernails.
You are carnivorous and can eat meat at any time.
Your flesh is cold resistant.
You are immune to negative energy.
Your system is resistant to poisons.
You heal slowly when monsters are visible.
You are immune to unholy pain and torment.
You can survive without breathing.

Vault maps used:
D:1:      dpeg_arrival_tiny_h
D:2:      wad_crossroads, nicolae_overflow_crystal_walls, lemuel_crystal_altar,
          uniq_crazy_yiuf_cottage, uniq_jessica, uniq_robin
D:3:      nicolae_dithmenos_shadow_blocks, hangedman_decor_riveting,
          kennysheep_generic_room_5
D:4:      kennysheep_mini, gup_sewer_entry_spiral, first_bread
Sewer:    sewer_minmay_w


Message History

The adder bites you.
You slash the adder!
The adder is severely wounded.
The adder barely misses you.
You hit the adder.
The adder is almost dead.
The adder misses you. The adder bites you but does no damage.
You closely miss the adder.
The adder is almost dead.
The adder closely misses you.
You hit the adder.
You kill the adder!
You see here an adder corpse.
You hit the ooze.
The ooze is moderately wounded.
You slash the ooze!
You kill the ooze!
You enter the shallow water.
Moving in this stuff is going to be slow.
You see here an adder corpse.
You butcher the adder corpse.
r - 4 chunks of flesh (gained 1)
You see here an adder skeleton.
You see here an adder corpse.
You butcher the adder corpse.
r - 5 chunks of flesh (gained 1) Eat one of 5 chunks of flesh? (ye/n/q/i?) This raw flesh tastes great!
You continue eating. x2
Eat one of 4 chunks of flesh? (ye/n/q/i?) This raw flesh tastes great!
You continue eating. x2
Eat one of 3 chunks of flesh? (ye/n/q/i?) This raw flesh tastes great!
You continue eating. x2
Eat one of 2 chunks of flesh? (ye/n/q/i?) This raw flesh tastes great!
You continue eating. x2
Eat a chunk of flesh? (ye/n/q/i?) This raw flesh tastes great!
You continue eating.
HP restored.
You continue eating.
You enter the shallow water.
Moving in this stuff is going to be slow.
A ball python and a giant frog come into view.
The giant frog gives a loud, deep croak!
A giant frog comes into view.
The giant frog hits you.
The ball python bites you but does no damage.
The ball python closely misses you. The giant frog misses you.
The giant frog hits you. The ball python barely misses you.
The ball python grabs you. The ball python constricts you.
Why would you want to do that?
You escape the ball python's grasp.
The giant frog barely misses you. The ball python barely misses you. x2
The giant frog barely misses you.
The giant frog hits you but does no damage.
The ball python bites you but does no damage.
The ball python grabs you. The ball python constricts you.
You escape the ball python's grasp.
The giant frog hits you. The giant frog closely misses you.
The ball python closely misses you. The ball python barely misses you.
The giant frog hits you.
The ball python bites you but does no damage.
The ball python grabs you. The ball python constricts you.
The giant frog completely misses you.
The ball python bites you but does no damage.
The ball python constricts you.
The giant frog hits you but does no damage.
You escape the ball python's grasp.
The giant frog hits you. The ball python barely misses you.
The ball python grabs you. The ball python constricts you.
The giant frog closely misses you.
You escape the ball python's grasp.
The giant frog misses you.
The ball python bites you but does no damage.
The ball python grabs you. The ball python constricts you.
The giant frog barely misses you.
Unknown command.
Your attempt to break free from the ball python fails, but you feel that another attempt might succeed.
The giant frog hits you. The ball python bites you.
The ball python constricts you.
You escape the ball python's grasp.
The giant frog misses you. The giant frog barely misses you.
The ball python bites you but does no damage.
The ball python barely misses you.
The giant frog hits you but does no damage.
The giant frog hits you! The giant frog barely misses you.
The ball python bites you but does no damage.
The ball python barely misses you. The giant frog misses you.
The giant frog hits you.
* * * LOW HITPOINT WARNING * * *
The giant frog hits you.
* * * LOW HITPOINT WARNING * * *
The giant frog closely misses you. The ball python barely misses you.
The ball python misses you. The giant frog hits you.
* * * LOW HITPOINT WARNING * * *
The giant frog barely misses you.
The ball python bites you but does no damage.
The ball python barely misses you. The giant frog hits you.
You die...

###### ####....####
###..........###
##..............##
##................##
#........##........#
##......#'####......#
#..÷...##..# ##......
#≈.≈@..##..# #...†..
#≈≈FFS≈##### #≈≈≈†≈≈
#≈≈≈≈≈≈# #≈≈≈≈≈≈
#≈≈≈≈≈≈# #≈≈≈≈≈≈
#≈≈≈≈≈≈# #≈≈≈≈≈≈
#≈≈≈≈≈≈# #≈≈≈÷≈≈
#≈≈≈≈≈≈# #≈.≈≈.≈
#≈≈≈≈≈≈# #.≈.(≈≈
#≈≈≈≈≈≈# #≈≈..≈≈


You could see 2 giant frogs and a ball python.

Table legend:
 A = Kills in this place as a percentage of kills in entire the game.
 B = Kills by you in this place as a percentage of kills by you in the entire game.
 C = Kills by friends in this place as a percentage of kills by friends in the entire game.
 D = Other kills in this place as a percentage of other kills in the entire game.
 E = Experience gained in this place as a percentage of experience gained in the entire game.
 F = Experience gained in this place divided by the number of levels of this place that you have seen.
                   A       B       C       D       E      F
               +-------+-------+-------+-------+-------+----------------------
         Total | 100.0 | 100.0 |  -nan |  -nan | 100.0 |  98.6
       Dungeon |  58.3 |  58.3 |  -nan |  -nan |  61.5 |  75.8
         Sewer |  41.7 |  41.7 |  -nan |  -nan |  38.5 | 190.0
               +-------+-------+-------+-------+-------+----------------------

Vanquished Creatures
  A centaur skeleton (D:4)
  Jessica (D:2)
  Robin (D:2)
  11 adders
  6 river rats
  2 giant mites (D:4)
  3 worms
  4 giant geckos
  3 oozes
  5 orcs (D:3)
  A bat skeleton (D:4)
  3 giant cockroaches
  10 goblins
  6 hobgoblins
  8 kobolds
  A quokka (D:4)
  14 ball pythons
  2 bats (D:2)
  4 giant newts
  A quokka skeleton (D:3)
  28 rats
115 creatures vanquished.

Notes
Turn   | Place    | Note
--------------------------------------------------------------
     0 | D:1      | magipi, the Ghoul Gladiator, began the quest for the Orb.
     0 | D:1      | Reached XP level 1. HP: 17/17 MP: 1/1
   202 | D:1      | Reached skill level 3 in Axes
   335 | D:1      | Reached XP level 2. HP: 24/24 MP: 2/2
   578 | D:2      | Noticed Jessica
   592 | D:2      | Killed Jessica
   592 | D:2      | Reached XP level 3. HP: 23/27 MP: 3/3
   681 | D:2      | Found a radiant altar of Vehumet.
   694 | D:2      | Reached skill level 4 in Axes
   829 | D:2      | Noticed Robin
   841 | D:2      | Killed Robin
   854 | D:2      | Reached XP level 4. HP: 15/35 MP: 3/3
   918 | D:2      | Found a deep blue altar of Sif Muna.
  1375 | D:3      | Found a shadowy altar of Dithmenos.
  1632 | D:3      | Reached skill level 5 in Axes
  1634 | D:3      | Reached XP level 5. HP: 20/41 MP: 4/4
  2051 | D:4      | Found a shimmering altar of Xom.
  2249 | D:4      | Found a glowing drain.
  2253 | Sewer    | Entered a sewer
  2337 | Sewer    | Reached XP level 6. HP: 38/47 MP: 5/5
  2349 | Sewer    | Reached skill level 6 in Axes
  2777 | Sewer    | Slain by a giant frog

Action                   |  1- 3 |  4- 6 || total
-------------------------+-------+-------++-------
Melee: War axe           |    83 |   256 ||   339
 Fire: Blowgun           |       |    11 ||    11
  Use: Scroll            |       |     7 ||     7
  Eat: Chunk             |     6 |    42 ||    48

Action                   |  1- 3 |  4- 6 || total
-------------------------+-------+-------++-------
Melee: War axe           |    83 |   256 ||   339
 Fire: Blowgun           |       |    11 ||    11
  Use: Scroll            |       |     7 ||     7
  Eat: Chunk             |     6 |    42 ||    48

Action                   |  1- 3 |  4- 6 || total
-------------------------+-------+-------++-------
Melee: War axe           |    83 |   256 ||   339
 Fire: Blowgun           |       |    11 ||    11
  Use: Scroll            |       |     7 ||     7
  Eat: Chunk             |     6 |    42 ||    48
